[Event "Late Titled Tuesday Blitz February 8 2022"]
[White "Costachi, Mihnea"]
[Black "Cunha, Lucas Aguiar"]
[WhiteFideId "1217518"]
[BlackFideId "2125404"]
[WhiteElo "2464"]
[BlackElo "2361"]
[Result "1-0"]
[Round "07"]
[TimeControl "180+1"]
[Date "2022.02.09"]
[WhiteClock "0:00:13"]
[BlackClock "0:00:01"]

1. e4 c5 2. b3 Nc6 3. Bb2 a6 4. f4 d5 5. e5 Nh6 6. Nf3 Nf5 7. Be2 g6 8. O-O Bh6 9. c3 Bxf4 10. Na3 d4 11. cxd4 cxd4 12. Nxd4 Bxh2+ 13. Kxh2 Nfxd4 14. Nc4 Be6 15. Bf3 Qc7 16. Bxc6+ Nxc6 17. d4 O-O-O 18. Rc1 Kb8 19. Kh1 h5 20. Ne3 Qb6 21. Nc4 Qa7 22. Rf4 h4 23. Qg1 h3 24. Qe3 Bd5 25. Kg1 hxg2 26. Kf2 Rh1 27. Rg4 Rdh8 28. a4 Rxc1 29. Bxc1 Rh1 30. e6 Rf1+ 31. Ke2 fxe6 32. Rxg6 Nxd4+ 33. Kd3 Rd1+ 34. Bd2 Qc5 35. Rg8+ Ka7 36. Qf4 Bxc4+ 37. bxc4 e5 38. Qf8 Qa3+ 39. Ke4 Nc6 40. Be3+ Rd4+ 41. Bxd4+ exd4 42. Qf2 1-0


[Site "https://www.chess.com"]

[Event "Late Titled Tuesday Blitz February 8 2022"]
[White "Cupid, Kevin"]
[Black "Tsyhanchuk, Stanislav"]
[WhiteFideId "7700512"]
[BlackFideId "13505130"]
[WhiteElo "2096"]
[BlackElo "2078"]
[Result "0-1"]
[Round "07"]
[TimeControl "180+1"]
[Date "2022.02.09"]
[WhiteClock "0:01:28"]
[BlackClock "0:01:40"]

1. d4 d5 2. c4 c6 3. Nc3 Nf6 4. Nf3 dxc4 5. a4 Bf5 6. e3 e6 7. Bxc4 Bb4 8. O-O O-O 9. Qe2 Bg6 10. Rd1 Nbd7 11. h3 Qe7 12. Bd2 Rfd8 13. Ne5 Nxe5 14. dxe5 Nd5 15. e4 Nxc3 16. bxc3 Bc5 17. Kh1 Qh4 18. f4 Bh5 19. Qf1 Bxd1 20. Rxd1 Rd7 21. Bc1 Rxd1 22. Qxd1 Rd8 23. Qf1 Qf2 0-1


[Site "https://www.chess.com"]

[Event "Late Titled Tuesday Blitz February 8 2022"]
[White "Curtis, John"]
[Black "Beulen, Marcel"]
[WhiteFideId "3200256"]
[BlackFideId "1001450"]
[WhiteElo "2203"]
[BlackElo "2367"]
[Result "1/2-1/2"]
[Round "07"]
[TimeControl "180+1"]
[Date "2022.02.09"]
[WhiteClock "0:00:11"]
[BlackClock "0:00:03"]

1. e4 d5 2. exd5 Qxd5 3. d4 e5 4. Nf3 exd4 5. Qxd4 Qxd4 6. Nxd4 Nf6 7. Bf4 c6 8. Nd2 Bc5 9. N4b3 Bb6 10. Nc4 O-O 11. Nxb6 axb6 12. a3 Bf5 13. O-O-O Nbd7 14. f3 Rfe8 15. Nd4 Bg6 16. Bc4 b5 17. Bb3 Nc5 18. Rhe1 h6 19. Rxe8+ Rxe8 20. Ba2 Rd8 21. Bc7 Re8 22. Bd6 Ncd7 23. g4 Re3 24. Bf4 Re8 25. h4 Nf8 26. h5 Bh7 27. Bd2 N6d7 28. Bf4 Nc5 29. Bd6 Nfe6 30. Nxe6 Nxe6 31. Re1 g5 32. Bxe6 Rxe6 33. Rxe6 fxe6 34. Kd2 Kf7 35. Be5 c5 36. c3 Bb1 37. Ke3 Bc2 38. Bd6 c4 39. Bg3 Bd1 40. Be1 e5 41. Bg3 Ke6 42. Kf2 e4 43. f4 Bxg4 44. fxg5 Bxh5 45. gxh6 Bg6 46. Ke3 Kf5 47. Bf4 Bh7 48. Bd6 Bg6 49. Bf8 Bh7 50. Bc5 Bg6 51. Kf2 Bh7 52. Kg3 Bg6 53. Be3 Bh7 54. Kh4 Bg6 55. Kh3 Bh7 56. Kg3 Bg6 57. Kf2 Bh7 58. Bd2 Bg6 59. Ke3 Bh7 60. Kd4 Kg4 61. Ke3 Bg6 62. Be1 Bh7 63. Bd2 Bg6 64. Kd4 Kf3 65. Bg5 Bh7 66. a4 bxa4 67. Kxc4 e3 68. Kb4 e2 69. Bh4 Ke4 70. Kxa4 Kd3 71. Be1 Kc2 72. b4 Kd1 73. Bh4 e1=Q 74. Bxe1 Kxe1 75. c4 Kd2 76. c5 Kc3 77. Kb5 Bd3+ 78. Kb6 Kxb4 79. Kxb7 Kxc5 80. h7 Bxh7 1/2-1/2


[Site "https://www.chess.com"]

[Event "Late Titled Tuesday Blitz February 8 2022"]
[White "Deac, Bogdan-Daniel"]
[Black "Nogerbek, Kazybek"]
[WhiteFideId "1226380"]
[BlackFideId "13710427"]
[WhiteElo "2646"]
[BlackElo "2478"]
[Result "0-1"]
[Round "07"]
[TimeControl "180+1"]
[Date "2022.02.08"]
[WhiteClock "0:00:01"]
[BlackClock "0:00:03"]

1. d4 d5 2. Nf3 Nf6 3. c4 dxc4 4. e3 e6 5. Bxc4 a6 6. O-O c5 7. b3 b6 8. Bb2 Bb7 9. Nbd2 Nbd7 10. Qe2 cxd4 11. Bxd4 Bc5 12. Bb2 O-O 13. Rfd1 Qe7 14. a3 Bd6 15. Nf1 b5 16. Bd3 Rac8 17. Ng3 Bb8 18. a4 Nc5 19. axb5 axb5 20. Ba3 Nd5 21. Qd2 Bd6 22. Bxc5 Bxc5 23. Bxb5 Bb4 24. Qd3 Nc3 25. Rdc1 Rfd8 26. Qf1 Bxf3 27. gxf3 g6 28. Bc4 Qf6 29. f4 Rd7 30. Ne2 Ne4 31. Qg2 Nd2 32. Ng3 Rcd8 33. Ne4 Qf5 34. Nxd2 Rxd2 35. Qf3 Bc5 36. Rd1 Rxd1+ 37. Rxd1 Rxd1+ 38. Qxd1 Qf6 39. Kg2 Kg7 40. Qf3 Bb4 41. Qb7 Qe7 42. Qb5 Bc3 43. Qc6 Bf6 44. Qb6 Bc3 45. Qc6 Bb4 46. Qb5 Bc3 47. h3 Kg8 48. Qc6 Bf6 49. Qb6 Bc3 50. Be2 Bb4 51. Qc6 Kg7 52. Bf3 Bd6 53. Qc3+ Kg8 54. Qd4 Bc5 55. Qc4 Bb4 56. Kg3 Bd6 57. h4 h5 58. Qd4 Bc5 59. Qc4 Ba3 60. Be2 Bc5 61. Qe4 Bb4 62. Bc4 Bc5 63. Qd3 Bd6 64. Qe4 Bb4 65. Qc6 Kg7 66. Bd3 Bd6 67. Qc3+ Kg8 68. Bc4 e5 69. Qd2 exf4+ 70. exf4 Qf6 71. Qe3 Be7 72. Kg2 Qxh4 73. f3 Qf6 74. Qe4 Bd6 75. f5 gxf5 76. Qd5 Kg7 77. Kf1 Bf4 0-1


[Site "https://www.chess.com"]

[Event "Late Titled Tuesday Blitz February 8 2022"]
[White "Demchenko, Anton"]
[Black "Jaracz, Pawel"]
[WhiteFideId "4160258"]
[BlackFideId "1102222"]
[WhiteElo "2539"]
[BlackElo "2429"]
[Result "1-0"]
[Round "07"]
[TimeControl "180+1"]
[Date "2022.02.08"]
[WhiteClock "0:00:35"]
[BlackClock "0:00:04"]

1. e4 c5 2. Nf3 e6 3. d4 cxd4 4. Nxd4 Nc6 5. Nc3 Qc7 6. Be3 a6 7. Qf3 d6 8. Nxc6 bxc6 9. O-O-O Rb8 10. Bc4 Nf6 11. Qg3 Rb4 12. Bb3 Nxe4 13. Nxe4 Rxe4 14. Rhe1 Bd7 15. c3 h5 16. f3 h4 17. Qf2 Rxe3 18. Qxe3 Be7 19. Kb1 d5 20. f4 Bd6 21. g3 O-O 22. Rf1 c5 23. gxh4 c4 24. Bc2 Rb8 25. Ka1 Bc5 26. Qe5 Qb6 27. Rb1 f6 28. Qh5 f5 29. Qg5 d4 30. Rg1 Bf8 31. cxd4 Qxd4 32. Rgd1 Qa7 33. h5 c3 34. Bb3 cxb2+ 35. Rxb2 Bb4 36. Rc2 Qb6 37. h6 Bf8 38. Rxd7 1-0


[Site "https://www.chess.com"]

[Event "Late Titled Tuesday Blitz February 8 2022"]
[White "Dias, Joao Batista"]
[Black "Xie, Bryan"]
[WhiteFideId "2108240"]
[BlackFideId "30941296"]
[WhiteElo "1898"]
[BlackElo "1899"]
[Result "0-1"]
[Round "07"]
[TimeControl "180+1"]
[Date "2022.02.09"]
[WhiteClock "0:00:53"]
[BlackClock "0:00:07"]

1. e4 c5 2. f4 Nc6 3. Nf3 e6 4. c3 d5 5. e5 c4 6. d4 cxd3 7. Bxd3 Bc5 8. Qe2 Nge7 9. Nbd2 O-O 10. Nb3 Bb6 11. Be3 a5 12. Nbd4 Nxd4 13. Nxd4 Nc6 14. Qh5 g6 15. Qh6 Bxd4 16. cxd4 Nb4 17. Bb1 b6 18. O-O Ba6 19. Re1 Rc8 20. h4 Bd3 21. h5 Bxb1 22. Raxb1 Qh4 23. Bf2 Qxh5 24. Qxh5 gxh5 25. Bh4 Nxa2 26. Bf6 h6 27. Re3 Kh7 28. Rh3 Kg6 29. Rf1 Rg8 30. Rff3 Nb4 31. Rfg3+ Kf5 32. Rxh5+ Ke4 33. Rc3 Kxd4 34. Rxh6 Rxc3 35. bxc3+ Kxc3 36. f5 d4 37. fxe6 fxe6 38. Bh4 Nd5 39. Rxe6 Rxg2+ 40. Kf1 Ne3+ 41. Ke1 Kd3 42. Bf2 Rh2 43. Bxe3 Kxe3 44. Kf1 d3 45. Rd6 d2 46. e6 Rh7 47. Rd7 Rxd7 48. exd7 d1=Q+ 0-1


[Site "https://www.chess.com"]

[Event "Late Titled Tuesday Blitz February 8 2022"]
[White "Dourerassou, Jonathan"]
[Black "Song, Guannan Terry"]
[WhiteFideId "628050"]
[BlackFideId "2614189"]
[WhiteElo "2513"]
[BlackElo "2115"]
[Result "1-0"]
[Round "07"]
[TimeControl "180+1"]
[Date "2022.02.09"]
[WhiteClock "0:02:48"]
[BlackClock "0:02:23"]

1. b3 Nf6 2. Bb2 a5 3. c4 a4 4. bxa4 Rxa4 5. Qxa4 e6 6. Nf3 Ba3 7. Qxa3 b5 8. cxb5 Na6 9. bxa6 Bb7 10. axb7 Qa8 11. bxa8=R# 1-0


[Site "https://www.chess.com"]

[Event "Late Titled Tuesday Blitz February 8 2022"]
[White "Garagulya, Konstantin"]
[Black "Al-Tarboush, Ward"]
[WhiteFideId "4128931"]
[BlackFideId "7601450"]
[WhiteElo "2329"]
[BlackElo "2276"]
[Result "0-1"]
[Round "07"]
[TimeControl "180+1"]
[Date "2022.02.09"]
[WhiteClock "0:00:43"]
[BlackClock "0:02:44"]

1. d4 d5 2. Nf3 Nf6 3. c4 c6 4. Qc2 g6 5. Bf4 Bg7 6. e3 O-O 7. Nbd2 Bf5 8. Qb3 b6 9. Rc1 Nbd7 10. h3 Ne4 11. cxd5 cxd5 12. Qxd5 Nxd2 13. Nxd2 e5 14. dxe5 Nxe5 15. Qxd8 Raxd8 16. Ba6 Nd3+ 17. Bxd3 Bxd3 18. b3 Rc8 19. Rd1 Bc2 20. Ke2 Bxd1+ 21. Rxd1 Rfd8 22. a4 Rc2 23. e4 Bc3 24. Be3 Rb2 25. g4 Bxd2 26. Bxd2 Rxb3 27. f3 Rb2 28. Ke3 Rb3+ 29. Ke2 Rb2 30. Ke3 Ra2 31. h4 Rxa4 32. h5 Ra3+ 33. Ke2 Ra2 34. h6 a5 35. Ke3 a4 36. g5 a3 37. f4 Raxd2 0-1


[Site "https://www.chess.com"]

[Event "Late Titled Tuesday Blitz February 8 2022"]
[White "Garriga Cazorla, Pere"]
[Black "Poormosavi, Seyed Kian"]
[WhiteFideId "32011601"]
[BlackFideId "12585807"]
[WhiteElo "2458"]
[BlackElo "2116"]
[Result "1-0"]
[Round "07"]
[TimeControl "180+1"]
[Date "2022.02.09"]
[WhiteClock "0:00:18"]
[BlackClock "0:00:03"]

1. Nf3 Nf6 2. c4 b6 3. Nc3 Bb7 4. g3 g6 5. Bg2 Bg7 6. O-O O-O 7. Re1 d5 8. cxd5 Nxd5 9. e4 Nxc3 10. bxc3 c6 11. d4 c5 12. d5 Bxc3 13. Bh6 Re8 14. Re3 Bxa1 15. Qxa1 f6 16. h4 e5 17. dxe6 Nc6 18. e5 Nd4 19. Nxd4 Bxg2 20. Nb5 Rxe6 21. Kxg2 Qd5+ 22. Kh2 fxe5 23. Nc7 Qc6 24. Nxa8 Qxa8 25. Rxe5 Rf6 26. Rf5 Rf7 27. Rxf7 Kxf7 28. Qg7+ Ke6 29. Qxh7 Qe4 30. Qxa7 Qc2 31. Qxb6+ Kf5 32. Be3 c4 33. Qc5+ Ke4 34. Qd4+ Kf3 35. Qd5+ Ke2 36. Kg2 Qxa2 37. g4 Qc2 38. Qf3+ Ke1 39. Kg3 Qd3 40. Qh1+ Ke2 41. Qf3+ Ke1 42. Qf4 c3 43. Qd4 Qxd4 44. Bxd4 c2 45. Be3 Ke2 46. h5 gxh5 47. gxh5 1-0


[Site "https://www.chess.com"]

[Event "Late Titled Tuesday Blitz February 8 2022"]
[White "Glavina, Pablo"]
[Black "Wan, Joseph"]
[WhiteFideId "100234"]
[BlackFideId "2069890"]
[WhiteElo "2369"]
[BlackElo "2149"]
[Result "0-1"]
[Round "07"]
[TimeControl "180+1"]
[Date "2022.02.09"]
[WhiteClock "0:00:52"]
[BlackClock "0:01:07"]

1. e4 e6 2. d4 d5 3. Nc3 Bb4 4. Ne2 dxe4 5. a3 Bxc3+ 6. Nxc3 Nc6 7. Bb5 Ne7 8. Nxe4 O-O 9. c3 Qd5 10. Bd3 f5 11. Ng3 Qxg2 12. Qe2 f4 13. Be4 Qh3 14. Nf1 Nd5 15. Bd2 Nf6 16. Bf3 e5 17. dxe5 Nxe5 18. Bd5+ Nxd5 19. Qxe5 Qf3 20. Rg1 Bg4 21. Rxg4 Qxg4 22. Qxd5+ Kh8 23. f3 Rfe8+ 24. Kd1 Qg2 25. Kc2 Rad8 26. Qxb7 Qg6+ 27. Kd1 Qd3 28. Rc1 Qxf1+ 29. Kc2 Qd3+ 0-1


[Site "https://www.chess.com"]

[Event "Late Titled Tuesday Blitz February 8 2022"]
[White "Goltseva, Ekaterina"]
[Black "Garcia Martin, Marta"]
[WhiteFideId "24173770"]
[BlackFideId "32084030"]
[WhiteElo "2140"]
[BlackElo "2102"]
[Result "0-1"]
[Round "07"]
[TimeControl "180+1"]
[Date "2022.02.08"]
[WhiteClock "0:00:11"]
[BlackClock "0:00:34"]

1. d4 b6 2. c4 Bb7 3. Nc3 e6 4. a3 Nf6 5. d5 exd5 6. cxd5 Bd6 7. Bg5 h6 8. Bh4 O-O 9. Nf3 Re8 10. e3 c6 11. Bc4 Na6 12. O-O Nc7 13. dxc6 dxc6 14. Qb3 Qe7 15. Rad1 Rad8 16. Nd4 Be5 17. Nf5 Qf8 18. f4 Bxc3 19. Qxc3 Rxd1 20. Rxd1 Nfd5 21. Qd4 g6 22. e4 gxf5 23. exd5 Nxd5 24. Bxd5 cxd5 25. Rd3 Qc5 26. Rg3+ Kf8 27. Bf6 Qc1+ 28. Kf2 Qe1+ 29. Kf3 Qe2# 0-1


[Site "https://www.chess.com"]

[Event "Late Titled Tuesday Blitz February 8 2022"]
[White "Golubovskis, Maksims"]
[Black "Lopez Del Alamo, Antonio"]
[WhiteFideId "11608528"]
[BlackFideId "2227339"]
[WhiteElo "2066"]
[BlackElo "2082"]
[Result "1-0"]
[Round "07"]
[TimeControl "180+1"]
[Date "2022.02.09"]
[WhiteClock "0:00:09"]
[BlackClock "0:00:13"]

1. e4 c5 2. Nf3 e6 3. d4 cxd4 4. Nxd4 Nf6 5. Nc3 Nc6 6. Ndb5 d6 7. Bf4 e5 8. Bg5 a6 9. Na3 b5 10. Nd5 Be7 11. Bxf6 Bxf6 12. c3 O-O 13. Nc2 Bg5 14. a4 bxa4 15. Rxa4 a5 16. Bb5 Ne7 17. Nce3 Be6 18. h4 Bxe3 19. Nxe3 Rb8 20. c4 Qb6 21. O-O g6 22. Qd2 f5 23. exf5 gxf5 24. Qxa5 Qd4 25. Qc7 Ng6 26. Ra7 Bf7 27. Nxf5 Qf4 28. Nxd6 e4 29. Nxf7 Qxc7 30. Nh6+ Kh8 31. Rxc7 Nxh4 32. Nf7+ Kg8 33. Ng5 Ng6 34. Bd7 Rb6 35. Be6+ Rxe6 36. Nxe6 Re8 37. Ng5 h5 38. Rh7 h4 39. Rh6 Kg7 40. Rh7+ Kf6 41. Nxe4+ Rxe4 42. c5 Rc4 43. Rc7 Nf4 44. Re1 Kg5 45. Re5+ Kg4 46. Rg7+ Ng6 47. Rxg6+ Kf4 48. Re8 h3 49. Rf8+ Ke5 50. Rg5+ Ke6 51. Rh5 Rc1+ 52. Kh2 hxg2 53. Kxg2 Rc2 54. Rh6+ Ke7 55. Rc8 Kd7 56. Ra8 Rxb2 57. c6+ Kc7 58. Ra7+ Kb8 59. Rg7 Ka8 60. Rh8+ Rb8 61. Rxb8+ Kxb8 62. Kf3 Kc8 63. Ke4 Kd8 64. Kd5 Ke8 65. Kd6 Kf8 66. Ra7 1-0


[Site "https://www.chess.com"]

[Event "Late Titled Tuesday Blitz February 8 2022"]
[White "Goryachkina, Aleksandra"]
[Black "Lenderman, Aleksandr"]
[WhiteFideId "4147103"]
[BlackFideId "2021285"]
[WhiteElo "2426"]
[BlackElo "2651"]
[Result "1/2-1/2"]
[Round "07"]
[TimeControl "180+1"]
[Date "2022.02.08"]
[WhiteClock "0:00:07"]
[BlackClock "0:01:05"]

1. e4 c6 2. d4 d5 3. exd5 cxd5 4. Bd3 Nc6 5. c3 Qc7 6. Ne2 Bg4 7. O-O e6 8. Qe1 Nf6 9. f3 Bh5 10. Qh4 Bg6 11. Bxg6 fxg6 12. Nf4 Kf7 13. Nh3 Re8 14. Bf4 Qb6 15. Nd2 h6 16. Nb3 e5 17. Be3 exd4 18. Bxd4 Nxd4 19. Qxd4 Qxd4+ 20. Nxd4 Bc5 21. Rad1 Re2 22. Rf2 Rxf2 23. Nxf2 g5 24. Kf1 Re8 25. Nb3 Bb6 26. Re1 Rd8 27. Nd3 d4 28. c4 Bc7 29. Nbc5 Bxh2 30. Nxb7 Rb8 31. Nbc5 Bg3 32. Re2 h5 33. Ne4 Nxe4 34. Rxe4 Rd8 35. b4 h4 36. c5 Kf6 37. c6 a6 38. a4 Bc7 39. b5 axb5 40. axb5 Rd5 41. Ke2 Rxb5 42. Rxd4 Rb6 43. Nb4 Ke6 44. Re4+ Kd6 45. Rd4+ Kc5 46. Rd7 Bf4 47. Nd3+ Kxc6 48. Rxg7 Kd5 49. Nxf4+ gxf4 50. Rg5+ Kd4 51. Rg7 Rb2+ 52. Kf1 h3 53. gxh3 Ke3 54. Rc7 Rb3 55. Kg2 Rb2+ 56. Kf1 Rf2+ 57. Kg1 Rxf3 58. Rc3+ Ke4 59. Rxf3 Kxf3 60. Kf1 Kg3 61. h4 Kxh4 62. Kf2 Kg4 63. Kg2 f3+ 64. Kf2 Kf4 65. Kf1 Kg3 66. Kg1 f2+ 67. Kf1 Kf3 1/2-1/2


[Site "https://www.chess.com"]

[Event "Late Titled Tuesday Blitz February 8 2022"]
[White "Hasangatin, Ramil"]
[Black "Pranav, V"]
[WhiteFideId "4122160"]
[BlackFideId "25060783"]
[WhiteElo "2375"]
[BlackElo "2349"]
[Result "0-1"]
[Round "07"]
[TimeControl "180+1"]
[Date "2022.02.08"]
[WhiteClock "0:00:07"]
[BlackClock "0:00:51"]

1. e4 e5 2. Nf3 Nc6 3. Bb5 a6 4. Ba4 Nf6 5. Bxc6 dxc6 6. d3 Bd6 7. Bg5 h6 8. Bh4 g5 9. Bg3 Qe7 10. Nbd2 Nh5 11. Nc4 Nf4 12. Bxf4 gxf4 13. Qd2 Bg4 14. O-O-O Bxf3 15. gxf3 Bc5 16. Qe2 O-O-O 17. Rdg1 Bd4 18. Kb1 Qh4 19. Rg2 Rhe8 20. Rhg1 b6 21. c3 Bc5 22. Nxe5 Rxe5 23. d4 Bxd4 24. Qxa6+ Kb8 25. cxd4 Rxd4 26. Rg8+ Rd8 27. Rxd8+ Qxd8 28. Qc4 Kb7 29. Qe2 Qh4 30. Rh1 Qh3 31. a4 Rg5 32. Ka2 Rg2 33. Qc4 Qe6 34. Qxe6 fxe6 35. Rf1 Rxh2 36. Kb3 Rh3 37. Kc4 Rxf3 38. Kd4 h5 39. Ke5 h4 40. Kxe6 h3 41. Rh1 Rxf2 42. Rxh3 f3 43. e5 c5 44. b3 Kc6 45. Rg3 Rf1 46. Rh3 b5 47. a5 c4 48. bxc4 bxc4 49. a6 c3 50. Rh4 Kb6 51. Rb4+ Kxa6 52. Rc4 f2 53. Rxc3 Re1 0-1


[Site "https://www.chess.com"]

[Event "Late Titled Tuesday Blitz February 8 2022"]
[White "Haussernot, Cecile"]
[Black "Baker, Chris W"]
[WhiteFideId "601632"]
[BlackFideId "401676"]
[WhiteElo "2288"]
[BlackElo "2138"]
[Result "0-1"]
[Round "07"]
[TimeControl "180+1"]
[Date "2022.02.09"]
[WhiteClock "0:01:02"]
[BlackClock "0:00:13"]

1. e4 e5 2. Nf3 Nc6 3. d4 exd4 4. Nxd4 Nf6 5. Nxc6 bxc6 6. e5 Qe7 7. Qe2 Nd5 8. c4 Ba6 9. Nd2 Nb4 10. Nf3 d5 11. Qd1 dxc4 12. a3 Nd3+ 13. Bxd3 cxd3 14. O-O Qd7 15. e6 fxe6 16. Ne5 Qd5 17. Re1 Bd6 18. Qh5+ g6 19. Qg5 Rf8 20. Bf4 Rf5 21. Qg3 g5 22. Qg4 Bxe5 23. Qh5+ Kd7 24. Qxh7+ Kd6 25. Bd2 Rh8 26. Qg6 Bxh2+ 27. Kf1 Bf4 28. Bb4+ c5 29. Bxc5+ Kxc5 30. Rac1+ Kb5 31. a4+ Kb4 32. Kg1 Bh2+ 33. Kh1 Bf4+ 34. Kg1 Bxc1 35. Qg7 Bd2 36. Rd1 Bb7 37. f3 Be3+ 38. Kf1 Rh1# 0-1


[Site "https://www.chess.com"]

[Event "Late Titled Tuesday Blitz February 8 2022"]
[White "Hess, Robert"]
[Black "Al Hosani, Omran"]
[WhiteFideId "2022036"]
[BlackFideId "9308733"]
[WhiteElo "2557"]
[BlackElo "2246"]
[Result "0-1"]
[Round "07"]
[TimeControl "180+1"]
[Date "2022.02.09"]
[WhiteClock "0:00:02"]
[BlackClock "0:00:47"]

1. b3 Nf6 2. Bb2 e6 3. d3 d5 4. Nd2 Be7 5. e3 O-O 6. Ne2 c5 7. h3 Nc6 8. g4 Re8 9. Bg2 b6 10. Ng3 Bb7 11. Qe2 b5 12. f4 Bd6 13. O-O a5 14. a4 bxa4 15. Rxa4 Nb4 16. Nf3 Bc6 17. Raa1 a4 18. Ne5 axb3 19. c3 Rxa1 20. Rxa1 Nc2 21. Nxc6 Qb6 22. Rb1 Qxc6 23. c4 Qa4 24. Bxf6 gxf6 25. Nh5 Be7 26. cxd5 Qa2 27. Rf1 exd5 28. Bxd5 Bd8 29. Be4 c4 30. Qf3 b2 31. Qd1 Nxe3 32. Qb1 Qxb1 33. Rxb1 c3 0-1


[Site "https://www.chess.com"]

[Event "Late Titled Tuesday Blitz February 8 2022"]
[White "Hoffmann, Asa"]
[Black "Levine, David"]
[WhiteFideId "2001470"]
[BlackFideId "2011611"]
[WhiteElo "2117"]
[BlackElo "2132"]
[Result "1-0"]
[Round "07"]
[TimeControl "180+1"]
[Date "2022.02.09"]
[WhiteClock "0:00:48"]
[BlackClock "0:00:24"]

1. d4 Nf6 2. Bg5 Ne4 3. Bf4 d5 4. f3 Nf6 5. e4 e6 6. e5 Nfd7 7. Be3 c5 8. c3 Nc6 9. f4 f5 10. Nf3 cxd4 11. cxd4 Nb6 12. Nc3 Bd7 13. Be2 Be7 14. O-O a5 15. a3 a4 16. Kh1 Na5 17. Rb1 Nbc4 18. Bf2 Nb3 19. Rg1 h5 20. Bxc4 dxc4 21. d5 exd5 22. Qxd5 Qc8 23. Rbd1 Be6 24. Qb5+ Kf8 25. Nd4 Bd7 26. Qd5 Bc6 27. Nxc6 Qxc6 28. Qxc6 bxc6 29. Rd7 Rb8 30. Rgd1 Nc5 31. Rxe7 Kxe7 32. Bxc5+ Kf7 33. Rd2 Rhd8 34. Bd6 Rb3 35. g3 Ke6 36. Kg2 h4 37. Kf3 hxg3 38. hxg3 g5 39. Ke3 gxf4+ 40. gxf4 Rh8 41. Kd4 Rh4 42. Rf2 1-0


[Site "https://www.chess.com"]

[Event "Late Titled Tuesday Blitz February 8 2022"]
[White "Horvath, Dominik"]
[Black "Sjugirov, Sanan"]
[WhiteFideId "1642561"]
[BlackFideId "4189302"]
[WhiteElo "2336"]
[BlackElo "2602"]
[Result "1-0"]
[Round "07"]
[TimeControl "180+1"]
[Date "2022.02.08"]
[WhiteClock "0:00:02"]
[BlackClock "0:00:01"]

1. e4 e5 2. Nf3 Nc6 3. Bb5 a6 4. Ba4 Nf6 5. O-O Be7 6. Re1 b5 7. Bb3 Bb7 8. d3 O-O 9. a4 d6 10. Bd2 Nd7 11. Nc3 b4 12. Nd5 a5 13. c3 bxc3 14. bxc3 Nc5 15. Bc4 Ba6 16. Bxa6 Rxa6 17. Be3 Nd7 18. Qb3 Qc8 19. Rab1 Nf6 20. Nxe7+ Nxe7 21. Bg5 Rb6 22. Qa2 Rxb1 23. Rxb1 Qa6 24. Bxf6 gxf6 25. Qd2 Ng6 26. g3 Qa8 27. h4 Rb8 28. Rxb8+ Qxb8 29. h5 Nf8 30. Qh6 Nd7 31. Nh4 Qf8 32. Qe3 Nc5 33. Nf5 Nxa4 34. Qa7 Nxc3 35. Qxa5 Ne2+ 36. Kg2 c5 37. Qc7 Nd4 38. Nxd6 Ne6 39. Qd7 Nd4 40. Qc7 Ne6 41. Qc6 Nd4 42. Qd5 Ne6 43. Nf5 Qd8 44. Nd6 Kf8 45. h6 Ke7 46. Nf5+ Kf8 47. Qb7 Kg8 48. Ne7+ Kf8 49. Nd5 f5 50. exf5 Nd4 51. f6 Ne6 52. Qc6 Kg8 53. Ne7+ Kh8 54. Qe4 Qf8 55. Qe3 Nd4 56. Qg5 Ne6 57. Qg7+ 1-0


[Site "https://www.chess.com"]

[Event "Late Titled Tuesday Blitz February 8 2022"]
[White "Howell, David W L"]
[Black "Beerdsen, Thomas"]
[WhiteFideId "410608"]
[BlackFideId "1030108"]
[WhiteElo "2559"]
[BlackElo "2585"]
[Result "1-0"]
[Round "07"]
[TimeControl "180+1"]
[Date "2022.02.08"]
[WhiteClock "0:00:08"]
[BlackClock "0:00:03"]

1. e4 e5 2. Nf3 Nc6 3. Nc3 Nf6 4. Bb5 Bd6 5. d3 O-O 6. a3 Re8 7. Bc4 h6 8. g4 Bc5 9. g5 Ng4 10. Rf1 d5 11. Bxd5 Nd4 12. h3 c6 13. Ba2 g6 14. gxh6 Qf6 15. Nxd4 exd4 16. hxg4 dxc3 17. b4 Bd4 18. g5 Qd6 19. Qf3 Be6 20. Bxe6 Rxe6 21. Be3 a5 22. Ke2 b5 23. Qf4 Be5 24. Qg4 Qd7 25. f4 Bd4 26. f5 Re5 27. Bxd4 Qxd4 28. fxg6 fxg6 29. Qf4 Re7 30. Qf6 Qd7 31. Qxg6+ Kh8 32. Qf6+ Kg8 33. Rf4 Qh3 34. Qxe7 Qh2+ 35. Ke3 Qg3+ 36. Rf3 Qxg5+ 37. Qxg5+ 1-0


[Site "https://www.chess.com"]

[Event "Late Titled Tuesday Blitz February 8 2022"]
[White "Ibarra Jerez, Jose Carlos"]
[Black "Andreikin, Dmitry"]
[WhiteFideId "2226332"]
[BlackFideId "4158814"]
[WhiteElo "2626"]
[BlackElo "2736"]
[Result "0-1"]
[Round "07"]
[TimeControl "180+1"]
[Date "2022.02.08"]
[WhiteClock "0:00:05"]
[BlackClock "0:00:05"]

1. e4 e5 2. Nf3 Nc6 3. d4 exd4 4. Nxd4 Qf6 5. Nb3 Qg6 6. f3 Bd6 7. Nc3 Bxh2 8. Rxh2 Qg3+ 9. Ke2 Qxh2 10. Nd5 Nge7 11. Bf4 Qh4 12. Nxc7+ Kf8 13. Bd6 Rb8 14. Nd5 Ra8 15. Nd4 Kg8 16. Nxe7+ Nxe7 17. Nb5 b6 18. Nc7 Rb8 19. Nd5 Nxd5 20. Bxb8 Ba6+ 21. Kd2 Qf2+ 22. Be2 Qe3+ 23. Ke1 Nb4 24. Bf4 Qxf4 25. Bxa6 Nxa6 26. Qxd7 Qb8 27. Rd1 g6 28. Qe7 Kg7 29. Rd7 Rf8 30. Rxa7 Nb4 31. Rb7 Qg3+ 32. Kf1 Nxc2 33. Ke2 Qxg2+ 34. Kd3 Ne1+ 35. Kc3 Qc2+ 36. Kb4 Qxb2+ 37. Kc4 Qxa2+ 38. Kb5 Qa5+ 39. Kc6 Nc2 40. Kd7 Nd4 41. Qd6 Ne6 42. e5 Nc5+ 43. Ke7 Nxb7 44. Qf6+ Kg8 45. e6 Qc5+ 46. Kd7 Qd6# 0-1


[Site "https://www.chess.com"]

[Event "Late Titled Tuesday Blitz February 8 2022"]
[White "Janaszak, Dawid"]
[Black "Kopczynski, Michal"]
[WhiteFideId "1119206"]
[BlackFideId "1124200"]
[WhiteElo "2199"]
[BlackElo "2235"]
[Result "1-0"]
[Round "07"]
[TimeControl "180+1"]
[Date "2022.02.09"]
[WhiteClock "0:00:58"]
[BlackClock "0:01:16"]

1. e4 c5 2. Nc3 g6 3. h4 Bg7 4. Bc4 e6 5. h5 Ne7 6. d3 Nbc6 7. h6 Bf8 8. Bg5 a6 9. Bf6 Rg8 10. a4 Qc7 11. Nf3 d6 12. Ng5 Ne5 13. Bxe5 dxe5 14. Nxh7 Rh8 15. Nf6+ Kd8 16. h7 Bg7 17. Qf3 Bd7 18. Nxd7 Qxd7 19. Qxf7 Nc6 20. Bxe6 Qxf7 21. Bxf7 Nd4 22. Kd2 Ke7 23. Bxg6 Raf8 24. f3 Bf6 25. Nd5+ Kd6 26. Rh5 Ne6 27. Nxf6 Rxf6 28. Bf5 Ng7 29. Rh4 Nxf5 30. exf5 Rxf5 31. Rah1 Rg5 32. Rg4 Rxg4 33. fxg4 Ke6 34. a5 Kf6 35. Ke3 Kg5 36. Ke4 Kxg4 37. Kxe5 Kg5 38. Kd6 1-0


[Site "https://www.chess.com"]

[Event "Late Titled Tuesday Blitz February 8 2022"]
[White "Jarocka, Liwia"]
[Black "Mirzoev, Azer"]
[WhiteFideId "21807558"]
[BlackFideId "13400304"]
[WhiteElo "1896"]
[BlackElo "2525"]
[Result "0-1"]
[Round "07"]
[TimeControl "180+1"]
[Date "2022.02.09"]
[WhiteClock "0:00:18"]
[BlackClock "0:00:40"]

1. a4 e5 2. b3 d5 3. Bb2 Nc6 4. g3 f6 5. Bg2 Be6 6. d3 Qd7 7. Nd2 Nh6 8. Ngf3 Bh3 9. O-O Bxg2 10. Kxg2 O-O-O 11. e4 Nf7 12. Ba3 Bxa3 13. Rxa3 a5 14. Qe2 b6 15. exd5 Qxd5 16. Qe4 Kb7 17. Nc4 g6 18. Raa1 Nb4 19. Qxd5+ Rxd5 20. Ne3 Rc5 21. d4 exd4 22. Nxd4 Re8 23. c4 f5 24. Rad1 Nd6 25. Nb5 Nxb5 26. axb5 Rce5 27. Rd7 R5e7 28. Rfd1 Kc8 29. Rxe7 Rxe7 30. Kf3 Rd7 31. Rb1 Rd2 32. Rd1 Rxd1 33. Nxd1 Nd3 34. Ke3 Nc5 35. b4 axb4 36. Kd4 Kd7 37. Nb2 Ne4 38. f3 Nd2 39. Ke3 Nb1 40. Kd3 Nc3 41. Kc2 Kd6 42. Kb3 Ne2 43. Kxb4 Nd4 44. f4 Nf3 45. h4 Ng1 46. h5 gxh5 47. Nd1 Ne2 48. Ne3 Nxg3 49. Kc3 h4 50. Kd2 h3 51. Kd3 h2 0-1


[Site "https://www.chess.com"]